 Dungeon Sprint DCSS version 0.24.0-1-gfbc8707 (webtiles) character file.

Game seed: 6352408533658335342, levelgen mode: deterministic

574 Fang the Fighter (level 7, -39/76 HPs)
             Began as a Gargoyle Berserker on Nov 4, 2019.
             Was an Elder of Trog.
             Killed from afar by Roxanne (53 damage)
             ... with a crystal spear
             ... in the Dungeon (Sprint II: "The Violet Keep of Menkaure").
             The game lasted 00:01:28 (483 turns).

Fang the Fighter (Gargoyle Berserker)                Turns: 483, Time: 00:01:28

Health: -39/76     AC:  7    Str: 28    XL:     7   Next: 34%
Magic:  7/7        EV: 14    Int:  7    God:    Trog [****..]
Gold:   729        SH:  0    Dex:  9    Spells: 6/6 levels left

rFire    . . .     SeeInvis .   a - +0 hand axe
rCold    . . .     Gourm    .   (no shield)
rNeg     + . .     Faith    .   b - +0 animal skin
rPois    ∞         Spirit   .   (no helmet)
rElec    +         Reflect  .   (no cloak)
rCorr    .         Harm     .   (no gloves)
MR       .....     NoTele   +   (no boots)
Stlth    ..........             (no amulet)
HPRegen  0.22/turn              (no ring)
MPRegen  0.10/turn              (no ring)

@: berserking (expiring), slow
A: negative energy resistance 1, electricity resistance, unbreathing,
petrification resistance, rot immunity, AC +4
a: Berserk, Trog's Hand, Brothers in Arms, Renounce Religion


You were in the Dungeon.
You worshipped Trog.
Trog was greatly pleased with you.
You were very hungry.

You visited 1 branch You collected 729 gold pieces.

Inventory:

Hand Weapons
 a - a +0 hand axe (weapon)
Armour
 b - a +0 animal skin (worn)
Scrolls
 i - a scroll of blinking
Potions
 d - a potion of curing
 e - a potion of heal wounds
 f - a potion of haste
 g - 2 potions of magic
 h - a potion of berserk rage
Comestibles
 c - a ration


   Skills:
 + Level 9.1 Fighting
 + Level 7.6 Axes
 + Level 8.7 Armour
 + Level 6.6 Dodging


You had 6 spell levels left.
You didn't know any spells.
Your spell library was empty.

Dungeon Overview and Level Annotations

Branches:
Dungeon (1/1)

Altars:

Shops:
D !:*=}%!:[*[[:(=?

Annotations:
D exclusion: oklob plant, Roxanne


Innate Abilities, Weirdness & Mutations

You are resistant to torment.
Your stone body is resilient. (AC +4)
You are immune to poison.
You resist negative energy. (rN+)
You are resistant to electric shocks. (rElec)
You can survive without breathing.
You are immune to petrification.
You are immune to rotting.


Message History

You feel yourself moving faster!
You feel mighty!
You are feeling very hungry.
You enter the shallow water.
Moving in this stuff is going to be slow.
You feel a strong urge to attack something.
Roxanne casts a spell.
The crystal spear hits you!
You hit Roxanne but do no damage.
Roxanne casts a spell.
The bolt of magma hits you!!
* * * LOW HITPOINT WARNING * * *
You hit Roxanne but do no damage.
Your unstable footing causes you to fumble your attack.
You hit Roxanne.
Roxanne is lightly damaged.
Your unstable footing causes you to fumble your attack.
Roxanne casts a spell.
The crystal spear hits you!!!
Ouch! That really hurt!
You die...

#?.J######≈≈####.#.####≈≈....§
#$$E#h. ##≈≈≈#.##..#≈≈≈≈≈§≈..
#∩P!+.)#+ +#≈###..##≈≈≈§§§§≈.
#$.$#!##§ #≈≈##'##≈§≈§§≈≈§≈§
#?$?###§§ #≈≈≈≈≈≈≈§≈≈§≈§≈≈≈
##+###§§≈§ #+++#'''#≈§≈≈§§§≈
##≈§§§≈§§##§≈≈###≈
##.§§§§§§≈≈##§§#
+≈.§§@8§≈§≈§+≈≈#
##§§§§§§§§§##≈≈§≈ ##§§§§§§§##
#### ####+#### ○§○°# ≈≈.


You could see Roxanne.

Vanquished Creatures
  Menkaure (D)
  4 necrophages (D)
  4 worker ants (D)
  3 worms (D)
12 creatures vanquished.

Notes
Turn   | Place    | Note
-------+----------+-------------------------------------------
     0 | D        | Fang the Gargoyle Berserker began the quest for the Orb.
     0 | D        | Reached XP level 1. HP: 14/14 MP: 1/1
     1 | D        | Noticed a worker ant
     1 | D        | Noticed a worker ant
     1 | D        | Noticed a worker ant
     1 | D        | Noticed a worker ant
     7 | D        | Killed a worker ant
     7 | D        | Reached skill level 4 in Fighting
     7 | D        | Reached XP level 2. HP: 20/20 MP: 2/2
     7 | D        | Reached XP level 3. HP: 24/24 MP: 3/3
     9 | D        | Reached skill level 5 in Fighting
    13 | D        | Reached ** piety under Trog
    13 | D        | Reached XP level 4. HP: 31/31 MP: 4/4
    17 | D        | Reached skill level 5 in Armour
    52 | D        | Noticed Menkaure
    60 | D        | Killed Menkaure
    60 | D        | Reached skill level 7 in Fighting
    60 | D        | Reached skill level 5 in Dodging
    60 | D        | Reached XP level 5. HP: 24/38 MP: 5/5
   272 | D        | Found Jyfe's Jewellery Shoppe.
   272 | D        | Found Warpho's Magic Scroll Emporium.
   273 | D        | Found Pojaori's Antique Armour Emporium.
   273 | D        | Found Nann's Book Shoppe.
   273 | D        | Found Ickewoth's Antique Weapon Emporium.
   275 | D        | Found Assunistuta's Book Shoppe.
   275 | D        | Found Vucri's Antique Armour Emporium.
   275 | D        | Found Rikhlaot's Assorted Antiques.
   275 | D        | Found Okhakuca's Antique Armour Emporium.
   277 | D        | Found Nuttatan's Gadget Shoppe.
   277 | D        | Found Nonodymu's Food Shoppe.
   277 | D        | Found Adungehe's Distillery.
   278 | D        | Noticed a slime creature
   279 | D        | Noticed a slime creature
   283 | D        | Noticed a necrophage
   283 | D        | Noticed a necrophage
   283 | D        | Noticed a necrophage
   283 | D        | Noticed a necrophage
   293 | D        | Killed a necrophage
   293 | D        | Reached *** piety under Trog
   293 | D        | Reached XP level 6. HP: 44/44 MP: 6/6
   295 | D        | Killed a necrophage
   295 | D        | Reached skill level 8 in Fighting
   300 | D        | Killed a necrophage
   300 | D        | Reached XP level 7. HP: 50/50 MP: 7/7
   307 | D        | Reached skill level 9 in Fighting
   365 | D        | Found Ycsof's Jewellery Shoppe.
   365 | D        | Found Pemaamp's General Store.
   365 | D        | Noticed a slime creature
   365 | D        | Noticed an oklob plant
   366 | D        | Found Tentitseipif's Distillery.
   366 | D        | Found Biamulet's Book Shoppe.
   366 | D        | Noticed an iron elemental
   370 | D        | Noticed a hell hog
   370 | D        | Noticed a hell hog
   414 | D        | Reached **** piety under Trog
   461 | D        | Identified Roxanne's Volume of the Rocks
   461 | D        | Noticed Roxanne
   468 | D        | Noticed a flying skull
   468 | D        | Noticed a flying skull
   483 | D        | Killed from afar by Roxanne

Levels and vault maps discovered:
D:        the_violet_keep_of_menkaure [sprint2_stairs_cluster_1,
          sprint2_shoproom, sprint2_temple, sprint2_basic_supplies,
          sprint2_obstacle_6, sprint2_obstacle_1, sprint2_obstacle_5,
          sprint2_obstacle_4, sprint2_obstacle_3, sprint2_timed_cluster_1,
          sprint2_smallroom_cluster_1, sprint2_smallroom_final_cluster_1,
          sprint2_transparent_cluster_1, sprint2_second_timed_cluster_1,
          sprint2_sniper_area_1, sprint2_heavy_combat_area_1,
          sprint2_mutation_trap_area_1, sprint2_forest_area_1,
          sprint2_light_combat_area_1, sprint2_behind_water_1,
          sprint2_near_end_vault_1]

Skill      XL: |  1  2  3  4  5  6  7 |
---------------+----------------------+-----
Fighting       | 4 5 7 8 9 |  9.1
Axes           | 3 4 6 7 |  7.6
Armour         | 3 4 6 7 8 |  8.7
Dodging        | 2 3 5 6 |  6.6

Action                   |  1- 3 |  4- 6 |  7- 9 || total
-------------------------+-------+-------+-------++-------
Melee: Hand axe          |    11 |    26 |    22 ||    59
Invok: Berserk           |     1 |     2 |     2 ||     5
  Eat: Chunk             |       |       |     2 ||     2
Armor: Animal skin       |     2 |     1 |     4 ||     7
Dodge: Dodged            |     4 |    16 |     9 ||    29
